AoeStats
← Bassman

Fortress

509485244Analyzed
3v3 RM · 5d ago on Sep 26, 2026· 46m 39s· 6 players
Game mode
Random Map
Map size
Large (8 player)
Population
200
Speed
Normal
Resources
Standard
Victory
Conquest
Starting age
Dark Age
Ending age
Imperial Age
RankedLock teamsTeams togetherTeam positionsShared explorationLock speedFull tech treeHidden civsTurbo modeCheats
Victory
Defeat
🇨🇱 Burgundians · Chile
982
+13
🇨🇱 Goths · Chile
954
+15
🇨🇱 Khmer · Chile
891
+17
🇫🇴 Varangians · Faroe Islands
946
-16
🇫🇴 Danes · Faroe Islands
945
-16
🇫🇴 Goths · Faroe Islands
878
-32
Rógv1 B0NG
4:18 Loom
7:43 Feudal Age
8:09 Double-Bit Axe
8:06 Horse Collar
10:14 Wheelbarrow
12:53 Castle Age
12:55 Arson
14:39 Gold Mining
15:47 Bow Saw
15:50 Scale Mail Armor
16:05 Forging
18:39 Gambesons
24:31 Chain Mail Armor
27:12 Squires
30:31 Iron Casting
29:28 Hamask
32:33 Heavy Plow
32:49 Hand Cart
37:05 Town Watch
40:51 Gold Shaft Mining
40:07 Stone Mining
43:17 Imperial Age
KIDSPANKER 4000
3:58 Loom
9:45 Feudal Age
11:07 Wheelbarrow
11:16 Gold Mining
12:38 Horse Collar
12:51 Stone Mining
13:22 Forging
15:41 Castle Age
14:36 Double-Bit Axe
15:04 Scale Mail Armor
17:33 Iron Casting
17:14 Pikeman
19:45 Squires
20:02 Chain Mail Armor
20:47 Hand Cart
21:49 Heavy Plow
25:34 Anarchy
34:41 Imperial Age
38:05 Perfusion
37:27 Elite Huskarl
38:51 Man-at-Arms
Bassman
7:15 Feudal Age
8:31 Wheelbarrow
7:40 Horse Collar
7:48 Double-Bit Axe
15:31 Castle Age
14:12 Scale Mail Armor
14:19 Scale Barding Armor
17:32 Hand Cart
18:02 Chain Mail Armor
18:01 Forging
19:28 Heavy Plow
26:32 Loom
27:59 Iron Casting
37:11 Imperial Age
35:36 Husbandry
36:15 Chain Barding Armor
39:08 Crop Rotation
38:08 Onager
39:32 Bow Saw
40:02 Conscription
Frantastique
8:44 Feudal Age
7:33 Loom
10:37 Double-Bit Axe
10:42 Town Watch
13:35 Castle Age
11:19 Horse Collar
13:18 Forging
13:02 Fletching
13:58 Forging
15:32 Bow Saw
15:28 Heavy Plow
16:26 Man-at-Arms
18:08 Squires
19:34 Long Swordsman
21:51 Wheelbarrow
21:34 Bodkin Arrow
22:11 Padded Archer Armor
22:53 Hand Cart
23:20 Leather Archer Armor
26:22 Stone Mining
25:59 Crossbowman
27:20 Iron Casting
26:46 Scale Mail Armor
27:13 Town Patrol
27:28 Gold Mining
28:51 Murder Holes
28:40 Treadmill Crane
28:27 Pikeman
30:02 Stone Shaft Mining
32:44 Imperial Age
30:57 Chain Mail Armor
31:51 Ballistics
32:28 Anarchy
33:59 Perfusion
34:13 Two-Handed Swordsman
36:17 Bracer
36:29 Champion
41:17 Blast Furnace
42:55 Chemistry
41:19 Halberdier
45:09 Conscription
croockerwilliam
8:41 Feudal Age
8:29 Double-Bit Axe
8:34 Horse Collar
12:15 Stone Mining
12:18 Gold Mining
12:32 Heavy Plow
13:15 Wheelbarrow
13:26 Bow Saw
16:05 Castle Age
17:49 Gold Shaft Mining
17:45 Crop Rotation
18:32 Cavalier
19:13 Husbandry
19:22 Scale Barding Armor
19:28 Forging
20:01 Burgundian Vineyards
21:28 Hand Cart
23:06 Iron Casting
23:45 Chain Barding Armor
gnzlozc
9:36 Feudal Age
10:20 Horse Collar
10:27 Double-Bit Axe
10:36 Gold Mining
14:10 Castle Age
13:26 Stone Mining
16:29 Heavy Plow
16:42 Bow Saw
17:12 Gold Shaft Mining
17:14 Stone Shaft Mining
41:30 Pikeman
Connection lost

Rejoining the realm…

Still unreachable

The connection could not be restored.

Session expired

The server has moved on; the page needs a fresh start.